 Dungeon Crawl Stone Soup version 0.32-a0-876-gcfddb08e57 (webtiles) character file.

Game seed: 2985078985800056810

11208 spaghetti the Skirmisher (level 11, -3/110 HPs)
             Began as a Naga Chaos Knight on Apr 2, 2024.
             Was a Plaything of Xom.
             Slain by a yak (5 damage)
             ... on level 11 of the Dungeon.
             The game lasted 00:21:15 (10307 turns).

spaghetti the Skirmisher (Naga Chaos Knight)       Turns: 10307, Time: 00:21:17

Health: -3/110     AC:  8    Str: 20    XL:     11   Next: 74%
Magic:  11/11      EV: 13    Int: 14    God:    Xom [*.....]
Gold:   622        SH:  0    Dex: 14    Spells: 10/10 levels left

rFire   . . .        r - +1 demon whip (venom)
rCold   . . .        (no shield)
rNeg    . . .        b - +2 leather armour
rPois   +            (no helmet)
rElec   .            d - +0 cloak
rCorr   .            (no gloves)
SInv    +            (no barding)
Will    ++...        i - amulet of the acrobat
Stlth   +            g - +5 ring of evasion
HPRegen 0.38/turn    o - +6 ring of strength
MPRegen 0.12/turn

%: random rage (9%), acrobat
@: mighty, very slow
A: AC +3, large, see invisible, deformed body, poison resistance, slowness 2,
spit poison 1, naga tail 1, berserk 2, strong-willed 1
a: Spit Poison, Renounce Religion


You were on level 11 of the Dungeon.
You worshipped Xom.
You were a special plaything of Xom.
You visited 1 branch of the dungeon, and saw 11 of its levels.
You also visited: Bailey.

You collected 622 gold pieces.

Inventory:

Hand Weapons
 a - a +1 falchion of chaos
 e - the +4 sling of the Vestibule of Hell {flame, rElec Will+}
   (You found it on level 2 of the Dungeon)

   rElec:     It insulates you from electricity.
   Will+:     It increases your willpower.
 r - a +1 demon whip of venom (weapon)
Missiles
 l - a throwing net
Armour
 b - a +2 leather armour (worn)
 d - a +0 cloak (worn)
Jewellery
 g - a +5 ring of evasion (left hand)
 i - an amulet of the acrobat (around neck)
 o - a +6 ring of strength (right hand)
 p - a ring of ice
Wands
 k - a wand of paralysis (6)
 m - a wand of polymorph (2)
Scrolls
 c - a scroll of fog
 h - a scroll of amnesia
 n - a scroll of identify
Potions
 f - a potion of brilliance


   Skills:
 + Level 10.4 Fighting
 - Level 3.0 Long Blades
 - Level 14.0 Ranged Weapons
 - Level 1.5 Armour
 - Level 0.7 Dodging


You had 10 spell levels left.
You didn't know any spells.
Your spell library contained the following spells:

 Spells                   Type           Power      Damage    Failure   Level
 Kiss of Death            Conj/Necr      0%         2d5       32%         1
 Ensorcelled Hibernation  Hex/Ice        0%         N/A       45%         2
 Jinxbite                 Hex            0%         N/A       45%         2
 Confusing Touch          Hex            0%         N/A       69%         3
 Frozen Ramparts          Ice            0%         1d1       69%         3
 Hailstorm                Conj/Ice       0%         3d5       69%         3
 Ozocubu's Armour         Ice            0%         N/A       69%         3
 Passwall                 Erth           0%         N/A       69%         3
 Summon Ice Beast         Ice/Summ       0%         N/A       69%         3
 Swiftness                Air            0%         N/A       69%         3
 Dispel Undead            Necr           0%         3d6       97%         4
 Alistair's Intoxication  Alch           0%         N/A       100%        5
 Borgnjor's Vile Clutch   Necr/Erth      0%         N/A       100%        5
 Metabolic Englaciation   Hex/Ice        0%         N/A       100%        5
 Yara's Violent Unravell  Hex/Alch       0%         3d3       100%        5
 Eringya's Noxious Bog    Alch           0%         4d6       100%        6
 Permafrost Eruption      Ice/Erth       0%         2x4d1     100%        6
 Sculpt Simulacrum        Ice/Alch       0%         N/A       100%        6
 Enfeeble                 Hex            0%         N/A       100%        7


Dungeon Overview and Level Annotations

Branches:
Dungeon (11/15)            Temple (0/1) D:6            Lair (0/5) D:9
    Orc (0/2) D:9          Bailey (visited)

Altars:
Fedhas
Kikubaaqudgha
Nemelex Xobeh
Okawaru
Uskayaw
Yredelemnul
Zin
The Shining One

Shops:
D:8 !

Annotations:
D:3 1 runed translucent door, Crazy Yiuf
D:10 exclusion: 2 doors
D:11 Grum, Harold, Nergalle


Innate Abilities, Weirdness & Mutations

Your serpentine skin is tough. (AC +3)
You have supernaturally acute eyesight. (SInv)
Armour fits poorly on your strangely shaped body.
Your system is resistant to poisons. (rPois)
You cover ground very slowly.
You can spit poison.
You have a snake-like lower body.
You have an uncontrollable temper.
You are strong-willed. (Will+)


Message History

Unknown command.
Unknown command.
The vampire mosquito buzzes angrily.
You thrash the yak!!
The yak looks as sick as possible!
The yak is almost dead.
You kill the yak!
The wolf bites you but does no damage. The wolf bites you!
* * * LOW HITPOINT WARNING * * *
The yak closely misses you.
Unknown command.
You closely miss the yak. The wolf barely misses you. The wolf bites you.
* * * LOW HITPOINT WARNING * * *
The yak barely misses you. The yak closely misses you.
Unknown command.
Unknown command.
You barely miss the yak. The wolf bites you.
* * * LOW HITPOINT WARNING * * *
The yak gores you!
* * * LOW HITPOINT WARNING * * *
The yak closely misses you. The wolf misses you.
Unknown command.
Unknown command.
Unknown command.
You thrash the yak!!
The yak is heavily wounded.
The wolf misses you.
Grum points his finger and shouts, "Rover!
Sic 'em!"
The yak gores you.
* * * LOW HITPOINT WARNING * * *
The wolf completely misses you.
Unknown command.
You whack the yak!
The yak is severely wounded.
Xom's power touches on a nearby monster.
Nergalle evaporates and reforms as a cane toad!
The wolf completely misses you. The yak gores you.
* * * LOW HITPOINT WARNING * * *
The yak gores you.
You die...
Xom howls with laughter!

#......#
####.#.#
####...#.#
#.....##.#
#.....'..#
#.....####
#.....# .
#.....######F..#
#.....##@hhgy..'
#.....##YYYh...#
#.....##Yhy.....
#.....##..@.....
#.....##........
#.....##.....##.
########.....#
#.....#


You could see Harold, Grum, 4 yaks, Nergalle the cane toad, 2 vampire mosquitoes
and 4 wolves.

Vanquished Creatures
  Fannar (D:11)
  2 two-headed ogres
  Amaemon (D:11)
  A manticore (D:10)
  A gargoyle (D:9)
  An unseen horror (D:10)
  An orange demon (D:11)
  Jeremiah (D:7)
  A rime drake (D:9)
  A troll (D:10)
  3 polar bears
  2 shadows
  5 yaks
  A wraith (D:10)
  A wyvern (D:8)
  A centaur simulacrum (D:10)
  2 steam dragons
  3 ice beasts (D:9)
  2 sky beasts (D:7)
  5 orc warriors
  2 black bears
  An ogre (D:4)
  4 wolves
  3 centaurs
  2 phantoms
  6 kobold brigands
  A scorpion (D:5)
  A gnoll sergeant (D:9)
  3 bullfrogs
  A wight (D:8)
  9 killer bees
  4 howler monkeys
  2 bombardier beetles
  2 hounds
  A jelly (D:6)
  4 orc priests
  Jessica (D:3)
  Terence (D:3)
  6 iguanas
  7 orc wizards
  8 gnolls
  7 adders
  A white imp (D:10)
  2 ufetubi (D:10)
  3 ribbon worms
  2 dart slugs
  44 orcs
  4 ball pythons
  A bat (D:2)
  3 endoplasms
  3 giant cockroaches
  10 goblins
  2 hobgoblins
  3 quokkas
  3 frilled lizards (D:2)
  31 kobolds
  2 rats
226 creatures vanquished.

Vanquished Creatures (collateral kills)
  A merfolk (D:9)
  An orc warrior (Bailey)
  A centaur simulacrum (D:10)
  A howler monkey simulacrum (D:10)
4 creatures vanquished.

Vanquished Creatures (others)
  A yak (D:6)
1 creature vanquished.

Grand Total: 231 creatures vanquished

Notes
Turn   | Place    | Note
-------+----------+-------------------------------------------
     0 | D:1      | spaghetti the Naga Chaos Knight began the quest for the
                  | Orb.
     0 | D:1      | Reached XP level 1. HP: 21/21 MP: 1/1
   167 | D:2      | Reached XP level 2. HP: 14/30 MP: 2/2
   304 | D:2      | Reached XP level 3. HP: 33/36 MP: 3/3
   307 | D:2      | Identified the +4 sling of the Vestibule of Hell {flame,
                  | rElec Will+}
   713 | D:3      | Reached skill level 1 in Ranged Weapons
   784 | D:3      | Reached XP level 4. HP: 41/44 MP: 4/4
   818 | D:3      | XOM: silly message
   819 | D:3      | Reached skill level 2 in Ranged Weapons
   826 | D:3      | Reached XP level 5. HP: 28/50 MP: 5/5
   863 | D:3      | XOM: silly message
   873 | D:3      | XOM: divination: detect items
   939 | D:3      | Noticed Terence
   943 | D:3      | Killed Terence
   944 | D:3      | Reached skill level 3 in Ranged Weapons
  1014 | D:3      | Noticed a black bear
  1019 | D:3      | XOM: divination: detect creatures
  1021 | D:3      | Killed a black bear
  1022 | D:3      | Reached skill level 4 in Ranged Weapons
  1022 | D:3      | Reached XP level 6. HP: 28/57 MP: 6/6
  1245 | D:3      | Found a runed translucent door.
  1246 | D:3      | Noticed Crazy Yiuf
  1364 | D:3      | Noticed Jessica
  1365 | D:3      | Killed Jessica
  1366 | D:3      | Reached skill level 5 in Ranged Weapons
  1554 | D:3      | XOM: cloud trail
  1663 | D:3      | Found an iron altar of Okawaru.
  2132 | D:4      | XOM: polymorph jelly -> kobold
  2136 | D:4      | XOM: cast spell 'Summon Small Mammal'
  2186 | D:4      | XOM: god gift: scroll labelled VUISHR COVYLEEGG {god gift}
  2298 | D:4      | Reached skill level 6 in Ranged Weapons
  2298 | D:4      | Reached XP level 7. HP: 44/64 MP: 7/7
  2397 | D:4      | XOM is BORED!
  2397 | D:4      | XOM: draining
  2749 | D:4      | XOM: summons 4 hostile demons
  3084 | D:4      | XOM: divination: detect items
  3092 | D:5      | Entered Level 5 of the Dungeon
  3096 | D:5      | Found a basalt altar of Yredelemnul.
  3367 | D:5      | XOM: potion effect (invisibility)
  3424 | D:5      | Reached skill level 7 in Ranged Weapons
  3495 | D:5      | XOM: 8-stop teleportation journey
  3509 | D:5      | XOM: scenery: summon butterflies
  3967 | D:6      | Reached XP level 8. HP: 72/72 MP: 8/8
  3968 | D:6      | Found a hide-covered altar of Uskayaw.
  4056 | D:6      | XOM: 1-stop teleportation journey
  4094 | D:6      | Found a staircase to the Ecumenical Temple.
  4105 | D:6      | XOM: polymorph black bear -> black bear
  4125 | D:6      | Reached skill level 8 in Ranged Weapons
  4156 | D:6      | Noticed a yak
  4157 | D:6      | Noticed a yak
  4159 | D:6      | Noticed a yak
  4160 | D:6      | Noticed a yak
  4160 | D:6      | Noticed a yak
  4161 | D:6      | Gained mutation: You occasionally lose the ability to drink
                  | potions when taking damage. [potion of mutation]
  4161 | D:6      | Gained mutation: You sometimes lose the ability to drink
                  | potions when taking damage. [potion of mutation]
  4161 | D:6      | Gained mutation: You are strong-willed. (Will+) [potion of
                  | mutation]
  4179 | D:6      | Killed a yak
  4187 | D:5      | HP: 3/72 [yak (9)]
  4188 | D:5      | Killed a yak
  4549 | D:6      | Identified the +0 chain mail of Cowardice {+Inv Regen+}
  4606 | D:6      | XOM: butterfly on damage
  4618 | D:6      | Reached skill level 9 in Ranged Weapons
  4835 | D:6      | Killed a yak
  5074 | D:7      | Reached XP level 9. HP: 77/78 MP: 9/9
  5133 | D:7      | Reached skill level 10 in Ranged Weapons
  5153 | D:7      | Found a flagged portal.
  5186 | Bailey   | Entered a bailey
  5291 | Bailey   | XOM: summons 3 friendly demons
  5704 | D:7      | Noticed Jeremiah
  5732 | D:7      | Reached skill level 11 in Ranged Weapons
  5737 | D:7      | XOM: summons friendly ufetubus
  5740 | D:7      | Killed Jeremiah
  5850 | D:7      | XOM: silly message
  5959 | D:7      | XOM: confuse monster(s)
  6076 | D:8      | XOM: noise
  6080 | D:8      | Reached skill level 12 in Ranged Weapons
  6244 | D:7      | XOM: swap monsters
  6316 | D:8      | Noticed a two-headed ogre
  6316 | D:8      | XOM: noise
  6318 | D:8      | XOM: summons 3 friendly demons
  6467 | D:8      | Found Xanlilau's Distillery.
  6476 | D:8      | Reached XP level 10. HP: 55/86 MP: 10/10
  6476 | D:8      | XOM: cloud trail
  6628 | D:9      | Found an ancient bone altar of Kikubaaqudgha.
  6628 | D:9      | Found a glowing golden altar of the Shining One.
  6759 | D:9      | Found a staircase to the Orcish Mines.
  6795 | D:9      | XOM: chaos upgrade
  7001 | D:9      | XOM: summons 5 hostile demons
  7131 | D:9      | Found a blossoming altar of Fedhas.
  7240 | D:8      | Reached skill level 13 in Ranged Weapons
  7558 | D:8      | XOM: confusion (+ monsters)
  7666 | D:9      | XOM: 1-stop teleportation journey
  7912 | D:9      | XOM: give mutations
  7912 | D:9      | Lost mutation: You sometimes lose the ability to drink
                  | potions when taking damage. [Xom's mischief]
  7912 | D:9      | Lost mutation: You occasionally lose the ability to drink
                  | potions when taking damage. [Xom's mischief]
  7912 | D:9      | Gained mutation: You sometimes lose your temper in combat.
                  | [Xom's mischief]
  7912 | D:9      | Gained mutation: You have an uncontrollable temper. [Xom's
                  | mischief]
  8009 | D:9      | Noticed a gargoyle
  8023 | D:9      | XOM: divination: detect items
  8030 | D:9      | Killed a gargoyle
  8218 | D:9      | XOM: blink monster(s)
  8225 | D:9      | XOM: cleaving
  8227 | D:9      | XOM: cast spell 'Alistair's Intoxication'
  8250 | D:9      | XOM: summons friendly crimson imp
  8258 | D:9      | HP: 4/86 [rime drake/icy flash freeze (26)]
  8297 | D:9      | XOM: fog
  8408 | D:9      | XOM: divination: detect creatures
  8517 | D:9      | Noticed a two-headed ogre
  8540 | D:9      | Reached skill level 14 in Ranged Weapons
  8541 | D:9      | Killed a two-headed ogre
  8684 | D:9      | Found a staircase to the Lair.
  8810 | D:9      | XOM: god gift: 21 gold pieces
  8998 | D:9      | XOM: scenery: summon butterflies
  9003 | D:10     | Entered Level 10 of the Dungeon
  9077 | D:10     | XOM: summons friendly iron imp
  9081 | D:10     | Reached XP level 11. HP: 96/97 MP: 11/11
  9081 | D:10     | XOM: cast spell 'Iskenderun's Battlesphere'
  9192 | D:10     | XOM: silly message
  9198 | D:10     | XOM: enchant monster (bad)
  9201 | D:10     | XOM: summons friendly iron imp
  9236 | D:10     | XOM: enchant monster (good)
  9367 | D:10     | XOM: polymorph iron imp -> ufetubus
  9535 | D:10     | XOM: enchant monster (bad)
  9628 | D:10     | Noticed a manticore
  9644 | D:10     | Killed a manticore
  9797 | D:10     | Found a glowing silver altar of Zin.
  9815 | D:10     | XOM: 1-stop teleportation journey
  9912 | D:11     | Noticed Fannar
  9914 | D:11     | XOM: cleaving
  9933 | D:11     | Killed Fannar
 10001 | D:11     | Found a sparkling altar of Nemelex Xobeh.
 10062 | D:11     | Noticed Amaemon
 10072 | D:11     | XOM: potion effect (might)
 10079 | D:11     | Killed Amaemon
 10082 | D:11     | XOM: cleaving
 10092 | D:11     | Reached skill level 10 in Fighting
 10259 | D:11     | XOM: 1-stop teleportation journey
 10271 | D:11     | XOM: noise
 10295 | D:11     | Noticed Grum
 10295 | D:11     | Noticed a two-headed ogre
 10295 | D:11     | XOM: 2-stop teleportation journey
 10299 | D:11     | XOM: silly message
 10301 | D:11     | Killed a two-headed ogre
 10301 | D:11     | Noticed Harold
 10302 | D:11     | Noticed Nergalle
 10307 | D:11     | Nergalle changed into Nergalle the cane toad
 10307 | D:11     | Noticed Nergalle
 10307 | D:11     | XOM: polymorph Nergalle -> Nergalle the cane toad
 10307 | D:11     | HP: 2/110 [yak (6)]
 10307 | D:11     | Slain by a yak

Illustrated notes

Levels and vault maps discovered:
D:1:      dpeg_arrival_simpleton_a, layout_loops_ring, serial_shops,
          nicolae_shop_real_fake_doors, chequers_serial_rivers_room_a
D:2:      layout_basic, minmay_misc_feat_roman, corner_web_ring
D:3:      layout_basic, hellmonk_okawaru_the_only_friend_you_need, st_stairs_14,
          roderic_serpentine_path, minivault_26, uniq_jessica, uniq_terence,
          uniq_crazy_yiuf_cottage
D:4:      layout_loops_ring
D:5:      layout_basic, mainiacjoe_overflow_catwalk
D:6:      layout_cave_pods, nicolae_uskayaw_suspiria,
          minmay_temple_entry_statues_fountains
D:7:      layout_rooms, enter_bailey_3, uniq_jeremiah
D:8:      layout_rooms, ashenzari_altar_1, nicolae_overflow_two_pavilions,
          serial_shops, nicolae_shop_window_shopping, uniq_psyche
D:9:      layout_loops_ring, fedhas_altar_3, minitemple,
          hellmonk_lair_entry_icy, hiddenorc2_lemuel, hangedman_fish_farm
D:10:     cheibrodos_two_vegetables, layout_rooms, lemuel_doored_altar,
          serial_ice, serial_ice_d, serial_ice_f, serial_ice_a, serial_ice_h
D:11:     layout_basic, nemelex_xobeh_ov_fountains_minmay, uniq_amaemon,
          uniq_nergalle, uniq_harold, uniq_fannar, uniq_grum

Skill      XL: |  1  2  3  4  5  6  7  8  9 10 11 |
---------------+----------------------------------+-----
Fighting       | 4 6 10 | 10.4
Ranged Weapons | 1 2 4 6 7 9 12 14 | 14.0
Long Blades    | |  3.0
Armour         | |  1.5
Dodging        | |  0.7

Action                     |  1- 3 |  4- 6 |  7- 9 | 10-12 || total
---------------------------+-------+-------+-------+-------++-------
  Melee: Falchion          |    39 |     8 |    38 |    35 ||   120
         Demon whip        |       |       |       |     9 ||     9
   Fire: Sling             |    28 |    96 |   334 |   425 ||   883
Ability: Spit Poison       |    10 |     6 |    14 |     4 ||    34
  Evoke: Wand              |       |     1 |     4 |    22 ||    27
    Use: Scroll            |     3 |     4 |     6 |     4 ||    17
         Potion            |       |     3 |     7 |     4 ||    14
   Stab: Paralysed         |       |     1 |     5 |     4 ||    10
         Confused          |       |       |     1 |       ||     1
 Armour: Leather armour    |    57 |    51 |   157 |   201 ||   466
         Skin              |       |       |     7 |       ||     7
  Dodge: Dodged            |    26 |    58 |   159 |   230 ||   473

Table legend: (Time is in decaauts)
 A = Elapsed time spent in this place.
 B = Non-inter-level travel time spent in this place.
 C = Inter-level travel time spent in this place.
 D = Time resting spent in this place.
 E = Time spent auto-exploring this place.
 F = Levels seen in this place.
 G = Mean time per level.
                   A        B        C        D        E       F      G
               +--------+--------+--------+--------+--------+-----+--------+
         Total |  12309 |  11616 |    693 |   2340 |   7432 |  12 | 1025.8 |
       Dungeon |  11873 |  11180 |    693 |   2060 |   7359 |  11 | 1079.4 |
        Bailey |    436 |    436 |      0 |    280 |     72 |   1 |  436.0 |
               +--------+--------+--------+--------+--------+-----+--------+

Top non-repeatable levels by time:
     D:9: 2416 daAuts
     D:3: 1555 daAuts
     D:4: 1493 daAuts
     D:7: 1454 daAuts
     D:5: 1197 daAuts
     D:6: 1160 daAuts
    D:10: 1073 daAuts
     D:2: 803 daAuts
  Bailey: 436 daAuts
    D:11: 421 daAuts
     D:8: 198 daAuts
     D:1: 98 daAuts
